AoeStats
← 杜迪

Lombardia

509705373Analyzed
4v4 RM · 6d ago on Sep 27, 2026· 115m 53s· 8 players
Game mode
Random Map
Map size
Large (8 player)
Population
200
Speed
Normal
Resources
Standard
Victory
Conquest
Starting age
Dark Age
Ending age
Imperial Age
RankedLock teamsTeams togetherTeam positionsShared explorationLock speedFull tech treeHidden civsTurbo modeCheats
Victory
Defeat
🇫🇷 Ethiopians · France
1491
+17
🇨🇳 Spanish · China
1456
+18
🇮🇳 Hindustanis · India
1421
+20
🇺🇸 Magyars · United States
1404
+20
🇨🇿 Franks · Czechia
1656
-25
🇨🇿 Saxons · Czechia
1530
-20
🇨🇿 Magyars · Czechia
1492
-18
🇨🇿 Danes · Czechia
1342
-12
Half_59
6:49 Loom
9:21 Feudal Age
10:16 Double-Bit Axe
13:20 Fletching
17:04 Horse Collar
20:40 Wheelbarrow
24:24 Castle Age
23:25 Padded Archer Armor
23:26 Gold Mining
24:29 Crossbowman
25:05 Bodkin Arrow
26:05 Gold Shaft Mining
27:06 Ballistics
27:34 Leather Archer Armor
29:18 Thumb Ring
31:03 Stone Mining
33:45 Bow Saw
38:13 Imperial Age
37:48 Hand Cart
37:19 Town Watch
38:00 Fortified Wall
38:55 Stone Shaft Mining
39:58 Chemistry
38:20 Arbalester
39:09 Bracer
41:20 Ring Archer Armor
41:23 Conscription
42:43 Torsion Engines
45:12 Elite Skirmisher
47:54 Halberdier
48:34 Squires
48:47 Forging
48:38 Scale Mail Armor
49:30 Onager
50:18 Caravan
52:15 Two-Man Saw
52:10 Iron Casting
51:51 Chain Mail Armor
54:20 Blast Furnace
55:27 Sappers
60:36 Siege Onager
63:13 Heavy Plow
63:52 Siege Engineers
67:42 Plate Mail Armor
79:39 Man-at-Arms
82:04 Long Swordsman
82:59 Two-Handed Swordsman
88:46 Scale Barding Armor
杜迪
1:55 Loom
11:49 Feudal Age
15:49 Castle Age
14:18 Stone Mining
16:29 Double-Bit Axe
20:07 Padded Archer Armor
21:33 Leather Archer Armor
21:58 Husbandry
23:22 Bloodlines
27:59 Bow Saw
27:33 Horse Collar
35:20 Imperial Age
35:21 Elite Conquistador
36:39 Ring Archer Armor
36:48 Gold Mining
39:37 Conscription
46:07 Capped Ram
48:18 Chemistry
50:12 Bombard Tower
51:42 Stone Shaft Mining
51:55 Supremacy
53:09 Wheelbarrow
54:52 Masonry
60:19 Architecture
63:32 Siege Ram
66:35 Two-Man Saw
72:24 Caravan
76:41 Heavy Plow
76:58 Hand Cart
80:47 Scale Barding Armor
80:53 Forging
80:05 Light Cavalry
84:37 Hussar
85:38 Chain Barding Armor
85:54 Iron Casting
87:21 Plate Barding Armor
88:58 Blast Furnace
96:39 Fortified Wall
97:52 Town Watch
115:32 Cavalier
Non faux pa
10:34 Feudal Age
12:57 Loom
17:57 Castle Age
17:04 Stone Mining
17:06 Double-Bit Axe
20:50 Horse Collar
22:11 Scale Barding Armor
22:50 Bloodlines
24:53 Husbandry
28:06 Chain Barding Armor
28:20 Heavy Plow
36:36 Wheelbarrow
37:02 Bow Saw
42:55 Imperial Age
41:47 Corvinian Army
42:58 Hand Cart
43:12 Elite Magyar Huszar
44:58 Plate Barding Armor
53:50 Caravan
64:36 Fletching
66:37 Parthian Tactics
66:02 Heavy Cavalry Archer
67:53 Conscription
67:49 Recurve Bow
68:52 Bodkin Arrow
71:12 Two-Man Saw
71:17 Thumb Ring
71:21 Bracer
71:22 Padded Archer Armor
72:23 Ballistics
73:04 Chemistry
73:52 Leather Archer Armor
93:00 Cavalier
99:29 Paladin
Cheetah
7:38 Loom
10:18 Feudal Age
11:17 Double-Bit Axe
13:35 Forging
13:35 Horse Collar
17:49 Wheelbarrow
19:34 Gold Mining
23:27 Castle Age
21:50 Scale Barding Armor
22:11 Bloodlines
25:02 Chain Barding Armor
25:14 Bow Saw
25:04 Heavy Plow
25:15 Husbandry
26:14 Gold Shaft Mining
26:05 Stone Mining
26:56 Hand Cart
37:47 Imperial Age
37:34 Iron Casting
36:50 Fletching
37:40 Stone Shaft Mining
37:52 Heavy Camel Rider
39:11 Plate Barding Armor
39:37 Blast Furnace
39:55 Two-Man Saw
39:24 Conscription
39:48 Bodkin Arrow
41:36 Chemistry
40:57 Ballistics
40:43 Siege Engineers
40:03 Imperial Camel Rider
40:32 Light Cavalry
44:03 Bracer
46:41 Caravan
46:47 Grand Trunk Road
48:42 Hussar
69:25 Hoardings
69:09 Masonry
73:14 Coinage
73:59 Padded Archer Armor
74:13 Fortified Wall
76:16 Shatagni
76:54 Siege Elephant
79:23 Devotion
85:00 Banking
90:35 Leather Archer Armor
98:08 Ring Archer Armor
Venom_CZE
7:38 Loom
9:50 Feudal Age
10:17 Double-Bit Axe
10:13 Horse Collar
18:42 Castle Age
17:54 Fletching
18:06 Gold Mining
19:20 Bodkin Arrow
20:23 Padded Archer Armor
22:07 Bloodlines
24:37 Ballistics
26:42 Leather Archer Armor
28:51 Thumb Ring
32:00 Wheelbarrow
31:27 Town Watch
32:09 Stone Mining
32:43 Bow Saw
34:39 Hand Cart
38:34 Imperial Age
36:38 Heavy Plow
37:59 Gold Shaft Mining
39:15 Bracer
40:17 Chemistry
38:56 Heavy Cavalry Archer
40:03 Husbandry
40:25 Recurve Bow
40:39 Murder Holes
42:38 Two-Man Saw
42:22 Conscription
44:52 Ring Archer Armor
47:31 Coinage
47:32 Parthian Tactics
47:34 Siege Engineers
49:58 Banking
49:31 Caravan
51:57 Masonry
52:26 Guard Tower
56:48 Hoardings
59:45 Scale Barding Armor
60:21 Light Cavalry
61:48 Chain Barding Armor
61:50 Cavalier
61:56 Hussar
62:29 Hussar
62:55 Elite Magyar Huszar
63:59 Sappers
63:55 Hussar
68:11 Capped Ram
70:02 Crop Rotation
85:21 Town Patrol
97:20 Pikeman
98:20 Scale Mail Armor
98:56 Plate Barding Armor
97:58 Halberdier
102:02 Treadmill Crane
111:29 Scale Mail Armor
Zajic.skakajici
11:10 Feudal Age
15:21 Castle Age
16:20 Loom
25:33 Double-Bit Axe
25:37 Horse Collar
26:25 Scale Mail Armor
28:16 Squires
28:04 Arson
28:05 Gambesons
31:12 Chain Mail Armor
31:18 Squires
33:55 Wheelbarrow
34:56 Forging
39:13 Imperial Age
38:05 Pikeman
38:45 Hamask
40:36 Plate Mail Armor
40:42 Iron Casting
39:33 Halberdier
41:32 Elite Jomsviking
42:33 Conscription
43:41 Bow Saw
45:07 Blast Furnace
44:23 Caravan
45:34 Heavy Plow
55:05 Fletching
58:49 Masonry
61:54 Bodkin Arrow
62:25 Ballistics
63:05 Chemistry
62:37 Elite Varangian Guard
65:58 Onager
67:04 Northmen's Fury
67:33 Siege Onager
68:23 Siege Engineers
89:44 Hoardings
105:04 Bracer
gg_bohois
10:16 Feudal Age
11:50 Loom
14:39 Castle Age
12:53 Double-Bit Axe
25:10 Wheelbarrow
25:43 Stone Mining
27:55 Scale Mail Armor
28:05 Forging
32:57 Chain Mail Armor
33:18 Iron Casting
36:51 Imperial Age
34:44 Fletching
35:40 Squires
35:26 Arson
38:03 Plate Mail Armor
36:54 Elite Hearth Troop
36:56 Shield Wall
37:02 Capped Ram
38:33 Onager
39:14 Bodkin Arrow
39:46 Conscription
43:01 Elite Varangian Guard
47:38 Caravan
48:19 Bracer
48:36 Masonry
48:17 Guard Tower
49:28 Chemistry
53:26 Keep
53:40 Ballistics
56:42 Coinage
57:13 Treadmill Crane
65:28 Bow Saw
69:53 Hand Cart
69:24 Town Watch
70:27 Horse Collar
70:41 Gold Mining
75:11 Sappers
80:58 Murder Holes
81:33 Architecture
85:02 Man-at-Arms
gg_Danny
10:28 Feudal Age
14:49 Castle Age
13:07 Double-Bit Axe
13:51 Gold Mining
15:54 Scale Barding Armor
16:21 Loom
26:00 Husbandry
27:12 Wheelbarrow
29:49 Chain Barding Armor
34:38 Hand Cart
37:52 Imperial Age
36:04 Forging
37:37 Iron Casting
38:18 Bow Saw
38:45 Gold Shaft Mining
39:11 Plate Barding Armor
38:09 Cavalier
38:48 Town Watch
41:01 Blast Furnace
40:16 Paladin
45:50 Caravan
47:20 Light Cavalry
52:35 Stone Mining
55:59 Fletching
56:22 Masonry
56:48 Conscription
56:34 Chivalry
58:30 Bodkin Arrow
60:11 Siege Engineers
61:20 Chemistry
64:10 Architecture
68:33 Pikeman
69:13 Squires
69:14 Scale Mail Armor
69:21 Halberdier
70:23 Chain Mail Armor
71:46 Plate Mail Armor
84:26 Arson
Connection lost

Rejoining the realm…

Still unreachable

The connection could not be restored.

Session expired

The server has moved on; the page needs a fresh start.